 Dungeon Crawl Stone Soup version 0.19-a0-659-g8260ecf (webtiles) character file.

21 sudo the Ducker (level 2, -1/22 HPs)
             Began as a Demonspawn Gladiator on June 15, 2016.
             Was a Follower of Hepliaklqana.
             Slain by an adder (4 damage)
             ... on level 2 of the Dungeon.
             The game lasted 00:02:16 (982 turns).

sudo the Ducker (Demonspawn Gladiator)               Turns: 982, Time: 00:02:18

Health: -1/22      AC:  4    Str: 15    XL:     2   Next: 62%
Magic:  2/2        EV: 13    Int:  9    God:    Hepliaklqana [*.....]
Gold:   77         SH:  0    Dex: 13    Spells: 0 memorised, 1 level left

rFire  . . .     SeeInvis .     a - +0 long sword
rCold  . . .     Gourm    .     b - +0 leather armour
rNeg   . . .     Faith    .     (no shield)
rPois  .         Spirit   .     c - +0 helmet
rElec  .         Dismiss  .     (no cloak)
rCorr  .         Reflect  .     (no gloves)
SustAt .         Harm     .     (no boots)
MR     .....                    (no amulet)
Stlth  +.........               (no ring)
                                (no ring)

@: lethally poisoned (-1 -> -11), not resistant to hostile enchantments, very
unstealthy
A: demonic guardian 1
a: Recall Ancestor, Ancestor Identity, Renounce Religion


You were on level 2 of the Dungeon.
You worshipped Hepliaklqana.
Hepliaklqana was aware of your devotion.
You were not hungry.

You visited 1 branch of the dungeon, and saw 2 of its levels.

You collected 77 gold pieces.

Inventory:

Hand Weapons
 a - a +0 long sword (weapon)
 j - a +1 dagger of pain
Missiles
 d - 3 throwing nets (quivered)
Armour
 b - a +0 leather armour (worn)
 c - a +0 helmet (worn)
Jewellery
 l - an uncursed amulet of harm {unknown}
Scrolls
 k - a scroll of enchant weapon {unknown}
 m - a scroll of teleportation {unknown}
 n - a scroll of noise {unknown}
 o - a scroll of identify {unknown}
Potions
 e - 3 potions of lignification {unknown}
 h - a potion of heal wounds {unknown}
 i - a potion of ambrosia {unknown}
Comestibles
 f - a bread ration
 g - a slice of pizza


   Skills:
 + Level 2.2 Fighting
 + Level 3.0 Long Blades
 - Level 1.7 Throwing
 + Level 0.3 Armour
 + Level 3.1 Dodging


You had one spell level left.
You didn't know any spells.

Dungeon Overview and Level Annotations

Branches:
Dungeon (1/15)

Altars:
Hepliaklqana


Innate Abilities, Weirdness & Mutations

A weak demonic guardian rushes to your aid.


Message History

You hit the adder.
The adder is moderately wounded.
The adder bites you.
You are poisoned.
The adder poisons you! The adder closely misses you.
You hit the adder but do no damage.
The adder is moderately wounded.
You feel sick. The adder bites you.
You are lethally poisoned!
The adder poisons you! The adder barely misses you.
You barely miss the adder.
The adder is moderately wounded.
You feel sick. The adder bites you but does no damage.
You closely miss the adder.
The adder is moderately wounded.
* * * LOW HITPOINT WARNING * * *
You feel sick. The adder bites you.
* * * LOW HITPOINT WARNING * * *
The adder bites you.
You die...

#.#.##...
#.R...(..
#########.#....
#.........#.#..
#.#########.###
####.# #.#
#....# #.#
#R#### #.# #@#
#.# #S# ... ...
#..## #..# #..#
#..# #..#


You could see the friendly Tlalli the ancestor and an adder.

Vanquished Creatures
  A dart slug (D:1)
  3 bats
  A giant cockroach (D:2)
  2 goblins
  A hobgoblin (D:2)
  6 kobolds
  2 giant newts (D:1)
  3 rats
19 creatures vanquished.

Notes
Turn   | Place    | Note
--------------------------------------------------------------
     0 | D:1      | sudo the Demonspawn Gladiator began the quest for the Orb.
     0 | D:1      | Reached XP level 1. HP: 16/16 MP: 1/1
   432 | D:1      | Gained mutation: A weak demonic guardian rushes to your aid. [demonic ancestry]
   432 | D:1      | Reached XP level 2. HP: 19/22 MP: 2/2
   684 | D:1      | You fall through a shaft!
   685 | D:2      | Found a faded altar of an unknown god.
   929 | D:2      | Became a worshipper of Hepliaklqana
   929 | D:2      | Reached * piety under Hepliaklqana
   982 | D:2      | Slain by an adder

Vault maps used:
D:1:      dpeg_arrival_signposts
D:2:      grunt_temple_overflow_magic_moments, lemuel_round_altar,
          ecumenical_altar_1, first_bread, nicolae_ru_awakened_eye

Skill      XL: |  1  2 |
---------------+-------+-----
Dodging        | 3 |  3.1
Long Blades    | 3 |  3.0
Fighting       | |  2.2
Throwing       | |  1.7
Armour         | |  0.3

Action                   || total
-------------------------++-------
Melee: Long sword        ||    78
       Dagger            ||    21
Armor: Leather armour    ||    28
Dodge: Dodged            ||    69
